 Dungeon Crawl Stone Soup version 0.16-a0-3722-g5e7e3b6 (webtiles) character file.

532 Chasingthesun the Ruffian (level 7, -1/44 HPs)
             Began as a Gargoyle Monk on Jan 20, 2015.
             Slain by a gnoll sergeant
             ... wielding a +0 trident
              (6 damage)
             ... on level 4 of the Dungeon.
             The game lasted 00:15:19 (4739 turns).

Chasingthesun the Ruffian (Gargoyle Monk)           Turns: 4739, Time: 00:15:19

Health: -1/44      AC:  6    Str: 15    XL:     7   Next: 24%
Magic:  0/10       EV: 14    Int: 10    God:
Gold:   278        SH:  0    Dex: 14    Spells: 0 memorised, 9 levels left

rFire  . . .     SeeInvis .       - Unarmed
rCold  . . .     Clarity  .     a - +0 robe
rNeg   + . .     SustAb   .     (no shield)
rPois  ∞         Gourm    .     (no helmet)
rElec  +         Spirit   +     (no cloak)
rCorr  .         Warding  .     (no gloves)
rMut   .         Stasis   .     (no boots)
MR     +....                    r - amulet of guardian spirit
Stlth  ++........               x - ring of protection from magic
                                A - +2 ring of intelligence

@: somewhat resistant to hostile enchantments, unstealthy
A: blurry vision 1, dopey 1, negative energy resistance 1, electricity
resistance, spit poison 1, unbreathing, petrification resistance, rot immunity,
AC +4
a: Spit Poison


You were on level 4 of the Dungeon.
You were not hungry.

You visited 1 branch of the dungeon, and saw 5 of its levels.

You collected 278 gold pieces.

Inventory:

Armour
 a - a +0 robe (worn)
 u - a cursed +0 scale mail
 w - a +0 leather armour
Jewellery
 k - an uncursed ring of protection from fire
 r - an amulet of guardian spirit (around neck)
 x - a ring of protection from magic (right hand)
 A - a +2 ring of intelligence (left hand)
Magical devices
 y - a wand of cold (8)
Scrolls
 d - 4 scrolls of immolation {unknown}
 g - 4 scrolls of enchant armour {unknown}
 j - 3 scrolls of blinking {unknown}
 l - 2 scrolls of noise {unknown}
 n - 6 scrolls of identify {unknown}
 o - a scroll of recharging {unknown}
 p - 3 scrolls of remove curse {unknown}
 q - 3 scrolls of random uselessness {unknown}
 s - a scroll of fog {unknown}
 B - a scroll of magic mapping {unknown}
Potions
 t - a potion of flight
Books
 z - a book of the Dragon

   Spells                             Type                      Level
   a - Flight                         Charms/Air                   3
   b - Cause Fear                     Hexes                        4
   c - Bolt of Fire                   Conjuration/Fire             6
   d - Dragon Form                    Transmutation                7
   e - Dragon's Call                  Summoning                    9
Comestibles
 b - 7 bread rations
 f - 4 fruits
 i - a beef jerky


   Skills:
 + Level 5.5 Fighting
 + Level 4.3 Dodging
 - Level 2.1 Stealth
 + Level 5.6 Unarmed Combat
 + Level 1.5 Spellcasting


You had 9 spell levels left.
You didn't know any spells.

Dungeon Overview and Level Annotations

Branches:
Dungeon (5/15)
 Temple: D:4-7

Altars:
Gozag
Makhleb
Sif Muna
Trog
Yredelemnul
The Shining One

Shops:
D:4 [

Annotations:
D:5 Prince Ribbit


Innate Abilities, Weirdness & Mutations

You are resistant to torment.
You are immune to poison.
Your stone body is very resilient (AC +4).
You resist negative energy.
You are resistant to electric shocks.
You can survive without breathing.
You are immune to petrification.
You are immune to rotting.
Scrolls take you a little longer to read.
You are dopey. (Int -2)
You can spit poison.


Message History

Drink which item? (? for menu, Esc to quit)
It was a potion of poison.
You feel slightly nauseous. The gnoll sergeant barely misses you.
You hit the gnoll sergeant but do no damage.
The gnoll sergeant is severely wounded.
The gnoll sergeant misses you.
You hit the gnoll sergeant.
The gnoll sergeant is severely wounded.
You have got your breath back.
You hit the gnoll sergeant but do no damage.
The gnoll sergeant is severely wounded.
The gnoll sergeant barely misses you.
You hit the gnoll sergeant. Your punch misses the gnoll sergeant.
The gnoll sergeant is almost dead.
The gnoll sergeant hits you with a trident.
* * * LOW HITPOINT WARNING * * *
You barely miss the gnoll sergeant.
The gnoll sergeant is almost dead.
The gnoll sergeant hits you with a trident.
You die...

#.##'####.†...
####################......#######
.......##...##...l.##.....#......
......(.....#........(....+......
#...........#......######+#......
#...........'.....<#.............
†...........#......'.............
#......##...##'#####....>........
#......##...#...@................
#...........#....g...............
#...........#.......#############
#...........+.......#
#......###'##.......#
###....#............#
..#....#............#
..#....#............#
..#....+............#


You could see a gnoll sergeant.

Vanquished Creatures
  An ogre (D:5)
  A crimson imp (D:5)
  A giant frog zombie (D:5)
  A jelly (D:5)
  3 hounds
  3 worker ants (D:4)
  9 adders
  A giant mite (D:4)
  2 worms (D:2)
  An adder skeleton (D:4)
  4 giant geckos
  An ooze (D:3)
  7 orcs
  16 bats
  7 giant cockroaches
  9 goblins
  7 hobgoblins
  7 jackals (D:3)
  9 kobolds
  2 quokkas
  5 giant newts
  A jackal zombie (D:5)
  9 rats
107 creatures vanquished.

Vanquished Creatures (others)
  A wizard (D:4)
1 creature vanquished.

Grand Total: 108 creatures vanquished

Notes
Turn   | Place    | Note
--------------------------------------------------------------
     0 | D:1      | Chasingthesun, the Gargoyle Monk, began the quest for the Orb.
     0 | D:1      | Reached XP level 1. HP: 14/14 MP: 1/1
   302 | D:1      | Reached XP level 2. HP: 17/19 MP: 2/2
   799 | D:2      | Reached XP level 3. HP: 8/24 MP: 3/3
  1570 | D:3      | Found a deep blue altar of Sif Muna.
  1594 | D:3      | Reached XP level 4. HP: 27/29 MP: 4/4
  1779 | D:3      | Found a burning altar of Makhleb.
  2568 | D:3      | Reached XP level 5. HP: 24/34 MP: 5/5
  2676 | D:3      | Found an opulent altar of Gozag.
  2984 | D:4      | Reached skill level 5 in Unarmed Combat
  3128 | D:4      | Reached skill level 5 in Fighting
  3128 | D:4      | Reached XP level 6. HP: 8/40 MP: 1/6
  3537 | D:4      | Found a bloodstained altar of Trog.
  3540 | D:4      | Noticed a wizard
  3545 | D:4      | Killed a wizard
  3615 | D:4      | Found Utiavigu's Armour Shoppe.
  3821 | D:5      | Entered Level 5 of the Dungeon
  4032 | D:5      | Found a glowing golden altar of the Shining One.
  4033 | D:5      | Noticed an angel
  4151 | D:5      | Found a basalt altar of Yredelemnul.
  4152 | D:5      | Noticed a profane servitor
  4201 | D:5      | Reached skill level 1 in Spellcasting
  4481 | D:5      | Reached XP level 7. HP: 18/44 MP: 5/10
  4667 | D:5      | Noticed Prince Ribbit
  4728 | D:4      | Gained mutation: You are dopey. (Int -2) [potion of mutation]
  4728 | D:4      | Gained mutation: Scrolls take you a little longer to read. [potion of mutation]
  4728 | D:4      | Gained mutation: You can spit poison. [potion of mutation]
  4739 | D:4      | Slain by a gnoll sergeant

Action                   |  1- 3 |  4- 6 |  7- 9 || total
-------------------------+-------+-------+-------++-------
Melee: Unarmed           |   121 |   428 |    87 ||   636
 Abil: Spit Poison       |       |       |     1 ||     1
  Use: Potion            |       |     2 |     9 ||    11
 Stab: Sleeping          |     4 |     3 |       ||     7
  Eat: Chunk             |     2 |     6 |       ||     8
       Meat ration       |       |     1 |       ||     1
